 Dungeon Crawl Stone Soup version 0.23-a0-650-ga4d50d4d25 (webtiles) character file.

1799 Notair the Cleaver (level 8, -3/71 HPs)
             Began as a Minotaur Gladiator on Jan 7, 2019.
             Was a Priest of Okawaru.
             Killed from afar by an orc wizard (11 damage)
             ... with a puff of flame
             ... on level 6 of the Dungeon.
             The game lasted 00:12:45 (6292 turns).

Notair the Cleaver (Minotaur Gladiator)             Turns: 6292, Time: 00:12:45

Health: -3/71      AC:  7    Str: 20    XL:     8   Next: 83%
Magic:  7/7        EV: 13    Int:  7    God:    Okawaru [***...]
Gold:   395        SH:  0    Dex: 11    Spells: 7/7 levels left

rFire    . . .     SeeInvis .   a - +0 war axe
rCold    . . .     Gourm    .   (no shield)
rNeg     . . .     Faith    +   g - +0 ring mail (curse)
rPois    .         Spirit   .   c - +1 hat
rElec    .         Reflect  .   (no cloak)
rCorr    .         Harm     .   (no gloves)
MR       .....                  (no boots)
Stlth    +.........             n - amulet of faith
HPRegen  0.21/turn              (no ring)
MPRegen  0.10/turn              (no ring)

@: no status effects
A: retaliatory headbutt, horns 2
a: Heroism, Renounce Religion


You were on level 6 of the Dungeon.
You worshipped Okawaru.
Okawaru was most pleased with you.
You were not hungry.

You visited 2 branches of the dungeon, and saw 7 of its levels.

You collected 395 gold pieces.

Inventory:

Hand Weapons
 a - a +0 war axe (weapon)
 w - a +1 dagger of venom
Missiles
 d - 2 throwing nets (quivered)
 e - 173 stones
 y - 10 bolts
 A - 47 sling bullets
Armour
 b - a +0 leather armour
 c - a +1 hat (worn)
 g - a cursed +0 ring mail (worn)
Jewellery
 k - an uncursed ring of stealth {unknown}
 n - an amulet of faith (around neck)
 p - a +3 ring of slaying {unknown}
 D - an uncursed ring of ice {unknown}
Wands
 E - a wand of iceblast (4)
Scrolls
 l - a scroll of enchant armour
 o - a scroll of random uselessness {unknown}
 q - a scroll of enchant weapon
 s - 2 scrolls of amnesia {unknown}
 t - 4 scrolls of teleportation
 u - 2 scrolls of remove curse {unknown}
 B - a scroll of fear {unknown}
 C - a scroll of fog {unknown}
Potions
 h - a potion of haste
 i - 4 potions of curing
 j - a potion of mutation
 m - a potion of flight
 r - a potion of heal wounds
 v - a potion of brilliance
 x - 2 potions of degeneration {unknown}
 z - a potion of lignification
Comestibles
 f - 9 rations


   Skills:
 + Level 6.5 Fighting
 * Level 9.5 Axes
 - Level 2.0 Throwing
 + Level 6.0 Armour
 + Level 6.3 Dodging


You had 7 spell levels left.
You didn't know any spells.
Your spell library contained the following spells:

 Spells                   Type           Power        Failure   Level  Hunger
 Corona                   Hex            #......      58%         1    ##.....
 Slow                     Hex            #.......     73%         2    ###....
 Inner Flame              Hex/Fire       #.......     91%         3    ####...
 Portal Projectile        Hex/Tloc       #.....       91%         3    ####...
 Cause Fear               Hex            #.........   100%        4    #####..
 Leda's Liquefaction      Hex/Erth       #.........   100%        4    #####..


Dungeon Overview and Level Annotations

Branches:
Dungeon (6/15)             Temple (1/1) D:4

Altars:
Ashenzari
Cheibriados
Dithmenos
Fedhas
Gozag
Hepliaklqana
Kikubaaqudgha
Makhleb
Nemelex Xobeh
Okawaru
Qazlal
Ru
Trog
Uskayaw
Vehumet
Wu Jian
Xom
Yredelemnul
Zin
The Shining One


Innate Abilities, Weirdness & Mutations

You reflexively headbutt those who attack you in melee.
You have a pair of horns on your head.


Message History

The orc warrior hits you with a cursed -1 dire flail!!
You are too injured to fight recklessly!
Unknown command.
The orc warrior hits you with a cursed -1 dire flail!
* * * LOW HITPOINT WARNING * * *
You gain the combat prowess of a mighty hero.
The orc warrior hits you with a cursed -1 dire flail!!
* * * LOW HITPOINT WARNING * * *
The quasit gives a chilling moan. x3
The quasit gives a chilling moan.
An orc wizard appears from thin air!
Reactivating autopickup.
You feel like a meek peon again.
The orc wizard casts a spell.
The orc wizard flickers and vanishes!
Deactivating autopickup; reactivate with Ctrl-A.
An orc opens the door.
A puff of flame appears from out of thin air!
The puff of flame hits you!
You die...

.)..................#............
....................#............
..........†.........#............
....................#..##..######
......##+###+###....#..##..##....
......+........'....'...+........
.)....#........#....#..##..##....
......#........#....#..##..##....
......###+###'##@...#..##..##....
####............o...#..##..##....
# #................#......#.....
# #................#......#.....
## #................###########..
.# ######....#'##.....#########..
.# #...{#..+.....#.......... .#
#[[<.#..#.....#.......... .#
#.[..#..#.....###########


You could see an orc warrior.

Vanquished Creatures
  Prince Ribbit (D:5)
  Grinder (D:6)
  2 sky beasts
  An ice beast (D:6)
  2 phantoms
  A centaur (D:5)
  3 bullfrogs (D:6)
  A scorpion (D:4)
  A howler monkey (D:3)
  2 hounds (D:4)
  A jelly (D:6)
  3 bullfrog skeletons (D:4)
  7 orc wizards
  4 worker ants
  5 adders
  An ooze (D:1)
  3 dart slugs
  A leopard gecko (D:2)
  10 orcs
  8 giant cockroaches
  6 goblins
  5 hobgoblins
  15 jackals
  A quokka (D:5)
  3 ball pythons
  7 bats
  5 frilled lizards
  6 kobolds
  A quokka skeleton (D:4)
  8 rats
115 creatures vanquished.

Notes
Turn   | Place    | Note
-------+----------+-------------------------------------------
     0 | D:1      | Notair the Minotaur Gladiator began the quest for the Orb.
     0 | D:1      | Reached XP level 1. HP: 18/18 MP: 0/0
    51 | D:1      | Reached skill level 4 in Axes
   257 | D:1      | Reached XP level 2. HP: 25/25 MP: 1/1
   266 | D:1      | Reached skill level 1 in Armour
   435 | D:1      | Reached XP level 3. HP: 23/30 MP: 2/2
   965 | D:2      | Reached XP level 4. HP: 33/38 MP: 3/3
  1112 | D:2      | Reached skill level 5 in Axes
  1834 | D:3      | Found a glowing silver altar of Zin.
  1835 | D:3      | Noticed an angel
  1838 | D:3      | Found a shimmering altar of Xom.
  1894 | D:3      | Reached XP level 5. HP: 40/45 MP: 4/4
  2598 | D:4      | Found a burning altar of Makhleb.
  2598 | D:4      | Found a basalt altar of Yredelemnul.
  2717 | D:4      | Reached skill level 6 in Axes
  2717 | D:4      | Reached XP level 6. HP: 30/52 MP: 5/5
  3115 | D:4      | Found a staircase to the Ecumenical Temple.
  3220 | Temple   | Entered the Ecumenical Temple
  3260 | Temple   | Became a worshipper of Warmaster Okawaru
  3566 | D:4      | Found a blossoming altar of Fedhas.
  3677 | D:4      | Reached XP level 7. HP: 58/60 MP: 6/6
  3766 | D:5      | Entered Level 5 of the Dungeon
  3933 | D:5      | Reached skill level 7 in Axes
  4348 | D:5      | Found a sacrificial altar of Ru.
  4356 | D:5      | Noticed Prince Ribbit
  4369 | D:5      | Killed Prince Ribbit
  4369 | D:5      | Reached * piety under Okawaru
  4369 | D:5      | Reached skill level 5 in Fighting
  4369 | D:5      | Reached skill level 5 in Dodging
  4997 | D:6      | Reached ** piety under Okawaru
  4997 | D:6      | Reached skill level 8 in Axes
  4997 | D:6      | Reached XP level 8. HP: 31/69 MP: 7/7
  5201 | D:6      | Reached skill level 5 in Armour
  5864 | D:6      | Noticed Grinder
  5864 | D:6      | Paralysed by Grinder for 6 turns
  5903 | D:6      | Paralysed by Grinder for 2 turns
  5908 | D:6      | Killed Grinder
  5908 | D:6      | Reached *** piety under Okawaru
  5908 | D:6      | Reached skill level 9 in Axes
  6263 | D:6      | HP: 2/71 [orc warrior/cursed -1 dire flail (20)]
  6292 | D:6      | Killed from afar by an orc wizard

Vault maps used:
D:1:      dpeg_arrival_houses_and_road
D:2:      minmay_liquid_box
D:3:      grunt_temple_overflow_order_and_chaos_1, first_ration, kennysheep_nub,
          minmay_misc_feat_secret_circle
D:4:      chequers_temple_overflow_statue_of_worship, kennysheep_mini,
          minmay_temple_entry_glassed_door
D:5:      kennysheep_mini_moat, kennysheep_generic_room_9, uniq_prince_ribbit1
D:6:      cheibrodos_quashed, uniq_pikel, uniq_grinder
Temple:   minmay_temple_curvy_branch

Skill      XL: |  1  2  3  4  5  6  7  8 |
---------------+-------------------------+-----
Axes           | 4 5 6 8 9 |  9.5
Armour         | 1 2 3 4 6 |  6.0
Fighting       | 3 4 5 6 |  6.5
Dodging        | 4 5 6 |  6.3
Throwing       | |  2.0

Action                   |  1- 3 |  4- 6 |  7- 9 || total
-------------------------+-------+-------+-------++-------
Melee: War axe           |    83 |    63 |    40 ||   186
       Headbutt          |     6 |    27 |    22 ||    55
       Dagger            |       |    67 |   118 ||   185
Throw: Throwing net      |       |       |     6 ||     6
Invok: Heroism           |       |       |     1 ||     1
  Use: Scroll            |       |       |    12 ||    12
       Potion            |       |       |     1 ||     1
  Eat: Chunk             |       |     8 |     7 ||    15
       Ration            |       |       |     1 ||     1
Armor: Leather armour    |    10 |       |       ||    10
       Ring mail         |    16 |    43 |    41 ||   100
Dodge: Dodged            |    69 |    71 |    95 ||   235

Table legend:
 A = Non-vault XP
 B = Vault XP
 C = Vault XP percentage of total XP
 D = Non-vault monster count
 E = Vault monster count
 F = Vault count percentage of total count
                 A         B        C        D         E       F
            +---------+---------+-------+---------+---------+-------
      Total |    1988 |     583 |  22.7 |     112 |       3 |   2.6
            +---------+---------+-------+---------+---------+-------
        D:1 |      58 |       0 |   0.0 |      28 |       0 |   0.0
        D:2 |      67 |       0 |   0.0 |      24 |       0 |   0.0
        D:3 |      98 |       0 |   0.0 |      19 |       0 |   0.0
        D:4 |     532 |       0 |   0.0 |      18 |       0 |   0.0
        D:5 |     341 |     311 |  47.7 |       9 |       2 |  18.2
        D:6 |     892 |     272 |  23.4 |      14 |       1 |   6.7
            +---------+---------+-------+---------+---------+-------
